 Dungeon Crawl Stone Soup version 0.29-a0-844-ge8845773e3 (webtiles) character file.

Game seed: 16796996301201584921

75 Locuples the Trooper (level 4, -1/41 HPs)
             Began as a Minotaur Fighter on July 15, 2022.
             Slain by a gnoll
             ... wielding a +0 halberd
              (7 damage)
             ... on level 3 of the Dungeon.
             The game lasted 00:02:38 (1720 turns).

Locuples the Trooper (Minotaur Fighter)             Turns: 1720, Time: 00:02:39

Health: -1/41      AC:  7    Str: 23    XL:     4   Next: 11%
Magic:  3/3        EV:  6    Int:  5    God:
Gold:   97         SH: 11    Dex:  9    Spells: 3/3 levels left

rFire   . . .      SeeInvis .   a - +0 flail
rCold   . . .      Faith    .   o - +0 tower shield
rNeg    + . .      Spirit   .   b - +0 scale mail
rPois   .          Reflect  .   (helmet restricted)
rElec   .          Harm     .   (no cloak)
rCorr   .          Rampage  .   (no gloves)
Will    .....                   (no boots)
Stlth   ..........              (no amulet)
HPRegen 0.13/turn               i - ring of positive energy
MPRegen 0.08/turn               (no ring)

@: flying
A: horns 2, retaliatory headbutt
a: no special abilities


You were on level 3 of the Dungeon.
You visited 1 branch of the dungeon, and saw 3 of its levels.

You collected 97 gold pieces.

Inventory:

Hand Weapons
 a - a +0 flail (weapon)
Armour
 b - a +0 scale mail (worn)
 o - a +0 tower shield (worn)
Jewellery
 i - a ring of positive energy (left hand)
Scrolls
 c - a scroll of poison {unknown}
 e - 6 scrolls of identify {unknown}
 f - a scroll of amnesia {unknown}
 g - a scroll of summoning {unknown}
 k - a scroll of enchant armour {unknown}
 l - 3 scrolls of teleportation {unknown}
 n - a scroll of vulnerability {unknown}
 p - a scroll of brand weapon {unknown}
Potions
 d - a potion of might
 h - a potion of ambrosia {unknown}
 j - a potion of mutation {unknown}
 m - a potion of flight
 q - a potion of heal wounds {unknown}


   Skills:
 + Level 4.5 Fighting
 + Level 3.5 Maces & Flails
 + Level 4.3 Armour
 + Level 4.0 Shields


You had 3 spell levels left.
You didn't know any spells.
Your spell library contained the following spells:

 Spells                   Type           Power      Damage    Failure   Level
 Sandblast                Erth           0%         2d4       100%        1
 Passwall                 Tmut/Erth      0%         N/A       100%        2
 Stone Arrow              Conj/Erth      0%         3d7       100%        3


Dungeon Overview and Level Annotations

Branches:
Dungeon (3/15)

Altars:


Innate Abilities, Weirdness & Mutations

You have a pair of horns on your head.
You reflexively headbutt those who attack you in melee.


Message History

Found a hand axe.
q - a lumpy purple potion A gnoll comes into view.
It is wielding a +0 flail.
The gnoll barely misses you.
You closely miss the gnoll. You headbutt the gnoll!
You kill the gnoll!
You have reached level 4!
You feel stronger.
Found a stone staircase leading up.
Things that are here:
a +0 flail; a gnoll corpse A ball python comes into view.
Found 18 gold pieces.
The ball python hisses angrily. 2 gnolls come into view.
The gnoll closely misses you.
A gnoll comes into view. It is wielding a +0 flail.
The gnoll shouts!
You block the gnoll's attack.
The ball python attacks as you move away!
The ball python barely misses you. You furiously retaliate!
You headbutt the ball python!
You kill the ball python!
You block the gnoll's attack. The gnoll hits you with a +0 halberd!
You closely miss the gnoll. You block the gnoll's attack.
The gnoll hits you with a +0 halberd.
You closely miss the gnoll. Your headbutt misses the gnoll.
The gnoll hits you with a +0 flail. The gnoll hits you with a +0 halberd!
The gnoll barely misses you. The gnoll hits you but does no damage.
You hit the gnoll.
The gnoll is lightly wounded.
The gnoll hits you with a +0 flail. The gnoll attacks as you move away!
The gnoll hits you with a +0 flail!
* * * LOW HITPOINT WARNING * * *
The gnoll hits you with a +0 halberd.
* * * LOW HITPOINT WARNING * * *
It was a potion of flight.
You feel very buoyant.
You fly up into the air.
The gnoll hits you with a +0 halberd!
You die...

........######.....#
#####.###.#
###..##.##
).........#
#........#
#####.##..#
##.####..# #.##..#
#.#.....# #)##....
#)#.#...#
#.###.#####.#g....#
#.# ........gg##..#
#.# #######.@<...$#
#.# #......†.......
#.# ##.#...#.#.#.##
#.# #.#......... #.#
# #.....#.### #.#
#.....#.# #.#
#..##.# # #.# #...
.# #.#


You could see 3 gnolls.

Vanquished Creatures
  Terence (D:3)
  A gnoll (D:3)
  An adder (D:2)
  A worm (D:2)
  3 endoplasms
  2 giant cockroaches
  3 goblins
  A kobold (D:1)
  2 quokkas
  5 ball pythons
  3 bats
  A frilled lizard (D:1)
  4 rats
28 creatures vanquished.

Notes
Turn   | Place    | Note
-------+----------+-------------------------------------------
     0 | D:1      | Locuples the Minotaur Fighter began the quest for the Orb.
     0 | D:1      | Reached XP level 1. HP: 19/19 MP: 0/0
    64 | D:1      | Reached XP level 2. HP: 27/27 MP: 1/1
   765 | D:2      | Reached XP level 3. HP: 30/33 MP: 2/2
  1159 | D:2      | Found a faded altar of an unknown god.
  1538 | D:3      | Noticed Terence
  1550 | D:3      | Killed Terence
  1709 | D:3      | Reached XP level 4. HP: 41/41 MP: 3/3
  1720 | D:3      | Slain by a gnoll

Illustrated notes

Levels and vault maps discovered:
D:1:      giann_bridges, layout_basic
D:2:      layout_basic, hellmonk_ecumenical_altar_prayer_group,
          minmay_door_square, st_stairs_13, bh_walls_and_bars
D:3:      layout_basic, nicolae_overflow_hidden_temple, uniq_terence

Skill      XL: |  1  2  3 |
---------------+----------+-----
Fighting       | 4 |  4.5
Armour         | 4 |  4.3
Maces & Flails | 3 |  3.5
Shields        | 4 |  4.0

Action                   |  1- 3 |  4- 6 || total
-------------------------+-------+-------++-------
Melee: Flail             |    55 |     3 ||    58
       Headbutt          |     3 |       ||     3
  Use: Potion            |       |     1 ||     1
Armor: Scale mail        |    33 |     1 ||    34
Dodge: Dodged            |    27 |     3 ||    30
Block: Buckler           |     8 |       ||     8
       Tower shield      |     6 |     3 ||     9

Table legend: (Time is in decaauts)
 A = Elapsed time spent in this place.
 B = Non-inter-level travel time spent in this place.
 C = Inter-level travel time spent in this place.
 D = Time resting spent in this place.
 E = Time spent auto-exploring this place.
 F = Levels seen in this place.
 G = Mean time per level.
                   A        B        C        D        E       F      G
               +--------+--------+--------+--------+--------+-----+--------+
         Total |   1742 |   1742 |      0 |      0 |   1408 |   3 |  580.7 |
       Dungeon |   1742 |   1742 |      0 |      0 |   1408 |   3 |  580.7 |
               +--------+--------+--------+--------+--------+-----+--------+

Top non-repeatable levels by time:
     D:2: 886 daAuts
     D:1: 606 daAuts
     D:3: 249 daAuts
